 Dungeon Crawl Stone Soup version 0.29.1-2-gbd0b4ee654 (webtiles) character file.

Game seed: 4580036168755004754

39 RascalDebosk the Shooter (level 3, -3/21 HPs)
             Began as a Kobold Arcane Marksman on Oct 30, 2022.
             Frozen to death by an endoplasm (5 damage)
             ... on level 1 of the Dungeon.
             The game lasted 00:05:55 (846 turns).

RascalDebosk the Shooter (Kobold Arcane Marksman)    Turns: 846, Time: 00:05:56

Health: -3/21      AC:  2    Str:  7    XL:     3   Next: 67%
Magic:  4/4        EV: 15    Int: 14    God:
Gold:   24         SH:  0    Dex: 17    Spells: 3/4 levels left

rFire   . . .      SeeInvis .   a - +1 sling
rCold   . . .      Faith    .   (no shield)
rNeg    . . .      Spirit   .   c - +0 robe
rPois   .          Reflect  .   (no helmet)
rElec   .          Harm     .   (no cloak)
rCorr   .          Rampage  .   (no gloves)
Will    .....                   (no boots)
Stlth   +++.......              (no amulet)
HPRegen 0.07/turn               (no ring)
MPRegen 0.09/turn               (no ring)

@: no status effects
A: small, no large weapons, nightstalker 3
a: no special abilities


You were on level 1 of the Dungeon.
You visited 1 branch of the dungeon, and saw 1 of its levels.

You collected 24 gold pieces.

Inventory:

Hand Weapons
 a - a +1 sling (weapon)
Armour
 c - a +0 robe (worn)
Scrolls
 b - a scroll of poison
 d - a scroll of blinking {unknown}
 g - a scroll of identify {unknown}
Potions
 e - a potion of curing {unknown}
 f - a potion of invisibility {unknown}
 h - a potion of might {unknown}
 i - a potion of brilliance {unknown}


   Skills:
 + Level 2.2 Fighting
 + Level 3.6 Ranged Weapons
 - Level 2.4 Dodging
 - Level 1.1 Spellcasting
 + Level 3.4 Hexes


You had 3 spell levels left.
You knew the following spells:

 Your Spells              Type           Power      Damage    Failure   Level
a - Slow                  Hex            40%        N/A       6%          1

Your spell library contained the following spells:

 Spells                   Type           Power      Damage    Failure   Level
 Inner Flame              Hex/Fire       5%         N/A       36%         3
 Portal Projectile        Hex/Tloc       10%        N/A       36%         3
 Cause Fear               Hex            5%         N/A       52%         4


Dungeon Overview and Level Annotations

Branches:
Dungeon (1/15)

Altars:


Innate Abilities, Weirdness & Mutations

You are small and have problems with some larger weapons.
You are completely attuned to the shadows.


Message History

A jackal comes into view. x2
You hear a bark!
Fire: a) +1 sling
Press: ? - help, Q - select action, (/) - cycle Shift-Dir - straight line, f/p - jackal
Aim: a jackal (heavily wounded, 53% to hit)
You shoot a sling bullet.
The sling bullet barely misses the jackal.
The jackal barely misses you.
An endoplasm comes into view.
Fire: a) +1 sling
Press: ? - help, Q - select action, (/) - cycle Shift-Dir - straight line, f/p - jackal
Aim: a jackal (heavily wounded, 53% to hit)
You shoot a sling bullet.
The sling bullet closely misses the jackal.
The jackal bites you but does no damage.
Fire: a) +1 sling
Press: ? - help, Q - select action, (/) - cycle Shift-Dir - straight line, f/p - jackal
Aim: a jackal (heavily wounded, 53% to hit)
You shoot a sling bullet. The sling bullet hits the jackal.
The jackal is severely wounded.
The jackal completely misses you.
An endoplasm comes into view.
Fire: a) +1 sling
Press: ? - help, Q - select action, (/) - cycle Shift-Dir - straight line, f/p - jackal
Aim: a jackal (heavily wounded, 53% to hit)
You shoot a sling bullet. The sling bullet hits the jackal.
The jackal is almost dead.
The jackal misses you. The jackal barely misses you.
Fire: a) +1 sling
Press: ? - help, Q - select action, (/) - cycle Shift-Dir - straight line, f - jackal
Aim: a jackal (almost dead, 53% to hit)
You shoot a sling bullet.
The sling bullet hits the jackal but does no damage.
The jackal is almost dead.
You hear a bark!
The jackal barely misses you. The endoplasm closely misses you.
The jackal misses you.
Fire: a) +1 sling
Press: ? - help, Q - select action, (/) - cycle Shift-Dir - straight line, f/p - jackal
Aim: a jackal (severely wounded, 53% to hit)
You shoot a sling bullet.
The sling bullet hits the jackal but does no damage.
The jackal is severely wounded.
A jackal comes into view.
The endoplasm freezes you.
You are frozen.
The jackal misses you.
Fire: a) +1 sling
Press: ? - help, Q - select action, (/) - cycle Shift-Dir - straight line, f/p - jackal
Aim: a jackal (severely wounded, 53% to hit)
You shoot a sling bullet. The sling bullet hits the jackal.
You kill the jackal!
The endoplasm barely misses you.
A jackal comes into view.
The jackal barely misses you. The endoplasm freezes you.
You are frozen.
Fire: a) +1 sling
Press: ? - help, Q - select action, (/) - cycle Shift-Dir - straight line, f - jackal
Aim: a jackal (53% to hit)
You shoot a sling bullet.
The sling bullet barely misses the jackal.
The jackal closely misses you. The endoplasm freezes you.
You are frozen.
* * * LOW HITPOINT WARNING * * *
The jackal closely misses you.
Fire: a) +1 sling
Press: ? - help, Q - select action, (/) - cycle Shift-Dir - straight line, f/p - jackal
Aim: a jackal (53% to hit)
You shoot a sling bullet.
The sling bullet barely misses the jackal.
The jackal misses you. The endoplasm freezes you.
You are frozen.
* * * LOW HITPOINT WARNING * * *
Fire: a) +1 sling
Press: ? - help, Q - select action, (/) - cycle Shift-Dir - straight line, f/p - jackal
Aim: a jackal (53% to hit)
You shoot a sling bullet.
The sling bullet barely misses the jackal.
The jackal misses you. The endoplasm freezes you.
You are frozen.
* * * LOW HITPOINT WARNING * * *
The jackal completely misses you.
Fire: a) +1 sling
Press: ? - help, Q - select action, (/) - cycle Shift-Dir - straight line, f/p - jackal
Aim: a jackal (53% to hit)
You shoot a sling bullet. The sling bullet misses the jackal.
The jackal barely misses you. The endoplasm barely misses you.
The jackal completely misses you. The endoplasm hits you.
* * * LOW HITPOINT WARNING * * *
Fire: a) +1 sling
Press: ? - help, Q - select action, (/) - cycle Shift-Dir - straight line, f/p - jackal
Aim: a jackal (53% to hit)
You shoot a sling bullet. The sling bullet hits the jackal.
You kill the jackal!
The endoplasm freezes you.
You are frozen.
You die...

.. ##..#
##.###.#.
##.## #.###...
#..# #......)
##.# #####.#.
#.# ### ###
#... #.#
#.###.## ###†
#.####...#.#
#.
#..##⌠.8..##
#. ##.###..8@#
#. #.#⌠#∩#.J†#
#.
..#...#_#h#J
#.
##.#.8..###.h.
## # #..8.⌠#
.... #
#.#...#..
##.###..#


You could see 2 endoplasms and 2 jackals.

Vanquished Creatures
  A gnoll (D:1)
  A dart slug (D:1)
  5 bats (D:1)
  An endoplasm (D:1)
  2 giant cockroaches (D:1)
  A goblin (D:1)
  2 jackals (D:1)
  8 kobolds (D:1)
  A quokka (D:1)
  A ball python (D:1)
  2 frilled lizards (D:1)
  3 rats (D:1)
28 creatures vanquished.

Vanquished Creatures (others)
  9 plants (D:1)
9 creatures vanquished.

Grand Total: 37 creatures vanquished

Notes
Turn   | Place    | Note
-------+----------+-------------------------------------------
     0 | D:1      | RascalDebosk the Kobold Arcane Marksman began the quest for
                  | the Orb.
     0 | D:1      | Reached XP level 1. HP: 12/12 MP: 2/2
    76 | D:1      | Reached XP level 2. HP: 16/16 MP: 3/3
   514 | D:1      | Reached XP level 3. HP: 20/21 MP: 4/4
   822 | D:1      | Found a faded altar of an unknown god.
   846 | D:1      | Frozen to death by an endoplasm

Illustrated notes

Levels and vault maps discovered:
D:1:      mushboom_english_gardens, layout_rooms,
          shapermc_ecumenical_altar_venn, lexackson_kobold_supper

Skill      XL: |  1  2 |
---------------+-------+-----
Ranged Weapons | 3 |  3.6
Fighting       | 2 |  2.2
Dodging        | |  2.4
Spellcasting   | |  1.1
Hexes          | |  3.4

Action                   || total
-------------------------++-------
 Fire: Sling             ||    67
 Cast: Slow              ||     1
Armor: Robe              ||     6
Dodge: Dodged            ||    51
